 Dungeon Crawl Stone Soup version 0.30-a0-359-gd0147acb1a (webtiles) character file.

Game seed: 16550841340389699821

31 Lexip the Insei (level 3, 0/23 HPs)
             Began as an Octopode Transmuter on Nov 11, 2022.
             Succumbed to an adder's poison
             ... on level 2 of the Dungeon.
             The game lasted 00:07:35 (979 turns).

Lexip the Insei (Octopode Transmuter)                Turns: 979, Time: 00:07:35

Health: 0/23       AC:  1    Str: 11    XL:     3   Next: 22%
Magic:  6/6        EV: 13    Int: 15    God:
Gold:   54         SH:  0    Dex: 12    Spells: 5/6 levels left

rFire   . . .      SeeInvis .    e - +2 dagger (drain)
rCold   + . .      Faith    .    (no shield)
rNeg    . . .      Spirit   .    (helmet restricted)
rPois   .          Reflect  .    (no amulet)
rElec   .          Harm     .    l - ring of protection from cold
rCorr   .          Rampage  .    (no ring)
Will    .....                    (no ring)
Stlth   ++........               (no ring)
HPRegen 0.23/turn                (no ring)
MPRegen 0.10/turn                (no ring)
                                 (no ring)
                                 (no ring)

@: lethally poisoned (0 -> -9)
A: almost no armour, amphibious, 8 rings, camouflage 1, gelatinous body 1,
(nimble swimmer 1), tentacles
a: no special abilities


You were on level 2 of the Dungeon.
You visited 1 branch of the dungeon, and saw 2 of its levels.

You collected 54 gold pieces.

Inventory:

Hand Weapons
 a - a +0 whip
 b - a +0 spear
 c - a +0 mace
 d - a +0 short sword
 e - a +2 dagger of draining (weapon)
 f - a +0 sling
 g - a +0 dagger
 j - a +0 short sword
 m - a +0 short sword
Missiles
 k - 4 curare-tipped darts
 n - 4 stones
Armour
 h - a +0 pair of gloves
 i - a +0 ring mail
Jewellery
 l - a ring of protection from cold (left tentacle)


   Skills:
 + Level 1.0 Fighting
 + Level 0.8 Polearms
 + Level 2.4 Dodging
 + Level 0.4 Stealth
 + Level 3.5 Unarmed Combat
 + Level 2.1 Spellcasting
 + Level 2.0 Transmutations


You had 5 spell levels left.
You knew the following spells:

 Your Spells              Type           Power      Damage    Failure   Level
a - Beastly Appendage     Tmut           14%        N/A       10%         1

Your spell library contained the following spells:

 Spells                   Type           Power      Damage    Failure   Level
 Wereblood                Tmut           7%         N/A       14%         2
 Sublimation of Blood     Necr           1%         N/A       32%         2
 Spider Form              Tmut/Pois      4%         N/A       41%         3
 Ice Form                 Ice/Tmut       4%         N/A       82%         4
 Summon Hydra             Summ           0%         N/A       100%        7


Dungeon Overview and Level Annotations

Branches:
Dungeon (2/15)

Altars:


Innate Abilities, Weirdness & Mutations

You cannot wear most types of armour.
You are amphibious.
You can wear up to eight rings at the same time.
Your skin changes colour to match your surroundings (Stealth+).
Your rubbery body absorbs attacks. (AC +1, EV +1)
((You are camouflaged when in or above water. (Stealth+)))
You have tentacles for arms and can constrict up to eight enemies at once.


Message History

The helpless frilled lizard fails to defend itself.
You puncture the frilled lizard!
You kill the frilled lizard!
A kobold comes into view. It is wielding a +0 short sword.
You see here a frilled lizard corpse.
The kobold shouts!
An adder comes into view.
The kobold hits you with a +0 short sword.
The adder hisses angrily.
The kobold barely misses you.
A bat comes into view.
The kobold barely misses you. The adder bites you but does no damage.
The kobold hits you with a +0 short sword.
You miss the kobold. You grab the kobold.
You constrict the kobold, but do no damage.
The kobold barely misses you. The adder closely misses you.
You hit the kobold. You drain the kobold.
You kill the kobold!
The adder bites you.
You are poisoned.
The adder poisons you! The bat barely misses you.
You feel sick. The bat hits you but does no damage. The adder bites you.
You are more poisoned.
The adder poisons you! The adder misses you.
Things that are here:
a +0 short sword; a kobold corpse You feel sick.
The bat closely misses you.
You feel sick. The adder bites you.
You are more poisoned.
The adder poisons you!
You feel sick. The bat barely misses you. The adder bites you.
You are lethally poisoned!
The adder poisons you! The bat completely misses you. The adder bites you.
* * * LOW HITPOINT WARNING * * *
The bat attacks as you move away! The bat hits you but does no damage.
* * * LOW HITPOINT WARNING * * *
You feel very sick. The bat misses you. The adder bites you.
* * * LOW HITPOINT WARNING * * *
You die...

#. #. .## #.
... #. ..#
#.## ### #.#
#...
#...##.######.
#..#
#.#...........
#..###
#...##@###
#..... #.....#
##.###
#...S.######
#.#
#...b...†..#
#.#
#.....####.#
#<# #.....#
#.# #.#
#######
#.#####<## ###
#........##
..#
#######..†#


You could see an adder and a bat.

Vanquished Creatures
  3 dart slugs
  2 bats (D:1)
  An endoplasm (D:2)
  2 giant cockroaches
  2 goblins (D:1)
  3 hobgoblins (D:1)
  5 ball pythons (D:1)
  A frilled lizard (D:2)
  4 kobolds
  3 rats
26 creatures vanquished.

Notes
Turn   | Place    | Note
-------+----------+-------------------------------------------
     0 | D:1      | Lexip the Octopode Transmuter began the quest for the Orb.
     0 | D:1      | Reached XP level 1. HP: 13/13 MP: 3/3
   220 | D:1      | Reached XP level 2. HP: 18/18 MP: 5/5
   748 | D:1      | Reached XP level 3. HP: 17/23 MP: 6/6
   979 | D:2      | Succumbed to an adder's poison

Illustrated notes

Levels and vault maps discovered:
D:1:      mrwooster_arrival_statue_3, layout_basic, minmay_misc_feat_x,
          minmay_misc_feat_tower
D:2:      layout_loops_ring, minmay_goblin_outpost, uniq_crazy_yiuf_cottage

Action                   || total
-------------------------++-------
Melee: Unarmed           ||    15
       Constrict         ||    18
       Spear             ||    26
       Tentacles         ||     8
       Punch             ||     2
       Dagger            ||    13
  Use: Scroll            ||     1
       Potion            ||     1
 Stab: Sleeping          ||     6
Armor: Skin              ||    12
Dodge: Dodged            ||    41

Table legend: (Time is in decaauts)
 A = Elapsed time spent in this place.
 B = Non-inter-level travel time spent in this place.
 C = Inter-level travel time spent in this place.
 D = Time resting spent in this place.
 E = Time spent auto-exploring this place.
 F = Levels seen in this place.
 G = Mean time per level.
                   A        B        C        D        E       F      G
               +--------+--------+--------+--------+--------+-----+--------+
         Total |    978 |    978 |      0 |      9 |    470 |   2 |  489.0 |
       Dungeon |    978 |    978 |      0 |      9 |    470 |   2 |  489.0 |
               +--------+--------+--------+--------+--------+-----+--------+

Top non-repeatable levels by time:
     D:1: 816 daAuts
     D:2: 161 daAuts
